 Dungeon Sprint DCSS version 0.32-a0-411-g744942f433 (webtiles) character file.

Game seed: 17732932664922629716

74 shadowstone the Grappler (level 8, 0/52 HPs)
             Began as an Octopode Shapeshifter on Feb 20, 2024.
             Was an Elder of Qazlal.
             Slain by an earth elemental (24 damage)
             ... in the Dungeon (Sprint VI: "Thunderdome").
             The game lasted 00:05:33 (611 turns).

shadowstone the Grappler (Octopode Shapeshifter)     Turns: 611, Time: 00:05:34

Health: 0/52       AC:  1    Str: 15    XL:     8   Next: 20%
Magic:  8/8        EV: 15    Int: 12    God:    Qazlal [****..]
Gold:   310        SH:  5    Dex: 12    Spells: 7/7 levels left

rFire   . .          .
                       - Unarmed
rCold   . . .        (no shield)
rNeg    . . .        (helmet currently unavailable)
rPois   .            (no amulet)
rElec   .            (no ring)
rCorr   .            (no ring)
SInv    .            (no ring)
Will    .....        (no ring)
Stlth   ++           (no ring)
HPRegen 0.28/turn    (no ring)
MPRegen 0.11/turn    (no ring)
                     (no ring)

%: no teleportation, repel missiles
@: beast-form
A: beast (slay +4), almost no armour, amphibious, 8 rings, camouflage 1,
gelatinous body 1, (nimble swimmer 1), tentacles
a: Begin Untransformation, Renounce Religion, Upheaval, Elemental Force


You were in the Dungeon.
You worshipped Qazlal.
Qazlal was greatly pleased with you.
You were a hulking beast.
You visited 1 branch You collected 310 gold pieces.

Inventory:

Talismans
 b - a beast talisman (active)
 c - a flux talisman
Scrolls
 i - 4 scrolls of blinking
 m - 3 scrolls of fog
Potions
 a - a potion of lignification
 e - a potion of heal wounds
 f - 4 potions of haste
 g - 2 potions of magic
 h - a potion of berserk rage
 j - 2 potions of resistance


   Skills:
 + Level 3.1 Fighting
 + Level 5.6 Dodging
 + Level 2.5 Stealth
 + Level 0.4 Shields
 + Level 11.6 Unarmed Combat
 + Level 3.8 Evocations
 + Level 10.8 Shapeshifting


You had 7 spell levels left.
You didn't know any spells.
Your spell library was empty.

Dungeon Overview and Level Annotations

Branches:
Dungeon (1/1)

Altars:
Cheibriados
Dithmenos
Fedhas
Gozag
Kikubaaqudgha
Makhleb
Okawaru
Qazlal
Ru
Sif Muna
Trog
Uskayaw
Vehumet
Wu Jian
Xom
Yredelemnul
Zin
The Shining One
Beogh
Lugonu

Shops:
D *[=??*?*:[((!!!!


Innate Abilities, Weirdness & Mutations

You are a hulking beast.
Your limbs bulge with bestial killing power. (Slay +4)
You cannot wear most types of armour.
You are amphibious.
You can wear up to eight rings at the same time.
Your skin changes colour to match your surroundings (Stealth+).
Your rubbery body absorbs attacks. (AC +1, EV +1)
((You are camouflaged when in or above water. (Stealth+)))
You have tentacles for arms and can constrict up to eight enemies at once.


Message History

The earth elemental is severely damaged.
The earth elemental barely misses you.
You bludgeon the earth elemental! You squeeze the earth elemental.
You destroy the earth elemental!
Qazlal accepts your kill.
You feel much better.
You feel better.
Nothing quivered!
You bludgeon the earth elemental!
You tentacle-slap the earth elemental, but do no damage.
The earth elemental is moderately damaged.
You bludgeon the earth elemental!
The earth elemental is heavily damaged.
You block the earth elemental's attack.
You tentacle-slap the earth elemental.
The earth elemental is heavily damaged.
You tentacle-slap the earth elemental. You squeeze the earth elemental.
The earth elemental is severely damaged.
The earth elemental barely misses you.
You tentacle-slap the earth elemental.
You squeeze the earth elemental, but do no damage.
The earth elemental is severely damaged.
You tentacle-slap the earth elemental but do no damage.
Your squeeze misses the earth elemental.
The earth elemental is severely damaged.
The earth elemental hits you!
You tentacle-slap the earth elemental.
The earth elemental is severely damaged.
You tentacle-slap the earth elemental but do no damage.
You squeeze the earth elemental, but do no damage.
The earth elemental is severely damaged. 50...
You block the earth elemental's attack.
You barely miss the earth elemental. You squeeze the earth elemental.
The earth elemental is almost destroyed.
You tentacle-slap the earth elemental but do no damage.
Your squeeze misses the earth elemental.
The earth elemental is almost destroyed.
The earth elemental hits you!!
You die...

#_......._# #_......._#
###.........###
#⌠..[........⌠#
###.ß.........ß.######
__......###......___∩##
......ß.# #.ß.....○..∩###
........###....°........##
.....###...###○☼hE......⌠#
.E)..# #.<.# #.°°.......⌠#
.....###...###°.........⌠#
........###.............##
...†..ß.# #.߆.......∩###
_....)..###......___∩##
###.ß.........ß.######
#⌠...........⌠#
###.........###


You could see an earth elemental.

Vanquished Creatures
  Sigmund (D)
  A yak (D)
  A redback (D)
  A water moccasin (D)
  A bullfrog (D)
  2 earth elementals (D)
  4 scorpions (D)
  3 river rats (D)
  An orc (D)
  A giant cockroach (D)
  A goblin (D)
  A quokka (D)
  A rat (D)
19 creatures vanquished.

Notes
Turn   | Place    | Note
-------+----------+-------------------------------------------
     0 | D        | shadowstone the Octopode Shapeshifter began the quest for
                  | the Orb.
     0 | D        | Reached XP level 1. HP: 13/13 MP: 1/1
     4 | D        | Found a glowing golden altar of the Shining One.
     4 | D        | Found a sacrificial altar of Ru.
     5 | D        | Found a blossoming altar of Fedhas.
     5 | D        | Found a snail-covered altar of Cheibriados.
     5 | D        | Round 1.
     6 | D        | Found an iron altar of Okawaru.
     7 | D        | Found a corrupted altar of Lugonu.
     7 | D        | Found a stormy altar of Qazlal.
     7 | D        | Found a burning altar of Makhleb.
     7 | D        | Found Juvarr's Staff Store.
     7 | D        | Found Gymah's Magic Scroll Shop.
     8 | D        | Found Quxzeent's Must-Have Magic.
     8 | D        | Found Beastral's Magic Scroll Shop.
    16 | D        | Found a roughly hewn altar of Beogh.
    21 | D        | Became a worshipper of Qazlal Stormbringer
    23 | D        | Found an ornate altar of the Wu Jian Council.
    24 | D        | Found a shadowy altar of Dithmenos.
    24 | D        | Found Purimy's Timeless Talismans.
    26 | D        | Found a hide-covered altar of Uskayaw.
    26 | D        | Found a shimmering altar of Xom.
    26 | D        | Found Terifag's Identification Station.
    27 | D        | Found Murphoan's Jewellery.
    27 | D        | Found Gaanyikocw's Advanced Armour.
    39 | D        | Found a shimmering blue altar of Sif Muna.
    41 | D        | Found Guys's Premium Goods.
    42 | D        | Found a bloodstained altar of Trog.
    42 | D        | Found a radiant altar of Vehumet.
    42 | D        | Found an ancient bone altar of Kikubaaqudgha.
    42 | D        | Found Ropucuf's Weapon Rack.
    43 | D        | Found Alinumn's Miscellaneous Merchandise.
    43 | D        | Found Imuacet's Basic Armour.
    47 | D        | Found an opulent altar of Gozag.
    48 | D        | Found a glowing silver altar of Zin.
    50 | D        | Found a basalt altar of Yredelemnul.
    51 | D        | Found Unobb's Do-It-Yourself Clinic.
    52 | D        | Found Peeckus's Distillery.
    53 | D        | Found Moloq's Bottled Wisdom.
    53 | D        | Found Ruuss's Distillery.
    92 | D        | Reached * piety under Qazlal
    93 | D        | Reached skill level 4 in Unarmed Combat
    93 | D        | Reached XP level 2. HP: 14/18 MP: 2/2
   120 | D        | Noticed Sigmund
   149 | D        | Killed Sigmund
   149 | D        | Arena points: 14 (+14) [x2]
   150 | D        | Reached skill level 7 in Unarmed Combat
   150 | D        | Reached XP level 3. HP: 16/24 MP: 3/3
   150 | D        | Reached XP level 4. HP: 20/29 MP: 4/4
   150 | D        | Reached XP level 5. HP: 23/34 MP: 5/5
   176 | D        | Round 2.
   195 | D        | Reached ** piety under Qazlal
   196 | D        | Reached skill level 8 in Unarmed Combat
   196 | D        | Reached skill level 1 in Evocations
   196 | D        | Reached XP level 6. HP: 26/41 MP: 6/6
   197 | D        | Reached skill level 1 in Stealth
   213 | D        | Reached skill level 9 in Unarmed Combat
   262 | D        | Noticed a water moccasin
   265 | D        | Killed a water moccasin
   265 | D        | Reached *** piety under Qazlal
   266 | D        | Reached XP level 7. HP: 38/45 MP: 7/7
   302 | D        | Noticed a redback
   308 | D        | Killed a redback
   308 | D        | Arena points: 56 (+42) [x3]
   309 | D        | Reached skill level 5 in Dodging
   309 | D        | Reached skill level 10 in Unarmed Combat
   309 | D        | Reached skill level 10 in Shapeshifting
   340 | D        | Round 3.
   420 | D        | Noticed a yak
   426 | D        | Reached **** piety under Qazlal
   430 | D        | Killed a yak
   431 | D        | Reached skill level 11 in Unarmed Combat
   431 | D        | Reached XP level 8. HP: 35/52 MP: 8/8
   467 | D        | Arena points: 74 (+18) [x1]
   482 | D        | Round 4.
   611 | D        | Slain by an earth elemental

Illustrated notes

Levels and vault maps discovered:
D:        arena_sprint

Skill      XL: |  1  2  3  4  5  6  7 |
---------------+----------------------+-----
Unarmed Combat | 4 7 8 9 11 | 11.6
Shapeshifting  | 7 8 9 10 | 10.8
Fighting       | 2 3 |  3.1
Dodging        | 3 4 5 |  5.6
Evocations     | 1 2 3 |  3.8
Stealth        | 1 2 |  2.5
Shields        | |  0.4

Action                     |  1- 3 |  4- 6 |  7- 9 || total
---------------------------+-------+-------+-------++-------
  Melee: Unarmed           |     8 |    10 |    46 ||    64
         Constrict         |     2 |     3 |     3 ||     8
         Tentacles         |     1 |       |     8 ||     9
         Punch             |       |     1 |     9 ||    10
  Evoke: Wand              |     2 |     5 |     3 ||    10
    Use: Potion            |     1 |       |     3 ||     4
 Armour: Skin              |     4 |     5 |     8 ||    17
  Dodge: Dodged            |     9 |     7 |    14 ||    30
  Block: Other             |       |     2 |     6 ||     8

Table legend: (Time is in decaauts)
 A = Elapsed time spent in this place.
 B = Non-inter-level travel time spent in this place.
 C = Inter-level travel time spent in this place.
 D = Time resting spent in this place.
 E = Time spent auto-exploring this place.
 F = Levels seen in this place.
 G = Mean time per level.
                   A        B        C        D        E       F      G
               +--------+--------+--------+--------+--------+-----+--------+
         Total |    599 |    595 |      4 |    172 |      0 |   1 |  599.0 |
       Dungeon |    599 |    595 |      4 |    172 |      0 |   1 |  599.0 |
               +--------+--------+--------+--------+--------+-----+--------+

Top non-repeatable levels by time:
       D: 599 daAuts
